 Dungeon Crawl Stone Soup version 0.29-a0-416-g83a48905f1 (webtiles) character file.

Game seed: 16296505489675233642

11331 hquester the Grappler (level 11, 0/109 HPs)
             Began as a Troll Berserker on May 16, 2022.
             Was a High Priest of Trog.
             Slain by a gnoll sergeant
             ... wielding a +0 bardiche
              (10 damage)
             ... in a bailey.
             The game lasted 00:46:57 (8664 turns).

hquester the Grappler (Troll Berserker)             Turns: 8664, Time: 00:46:58

Health: 0/109      AC: 11    Str: 33    XL:     11   Next: 47%
Magic:  10/10      EV: 12    Int:  9    God:    Trog [*****.]
Gold:   685        SH:  0    Dex: 13    Spells: 10/10 levels left

rFire   . . .      SeeInvis .     - Unarmed
rCold   . . .      Faith    .   (no shield)
rNeg    . . .      Spirit   .   w - +0 swamp dragon scales
rPois   +          Reflect  .   (helmet restricted)
rElec   .          Harm     .   a - +0 cloak
rCorr   .          Rampage  .   (gloves unavailable)
Will    ++...                   (boots unavailable)
Stlth   +.........              s - amulet of regeneration
HPRegen 2.88/turn               g - +6 ring of intelligence
MPRegen 0.12/turn               p - +6 ring of strength

@: strong-willed, on berserk cooldown, regenerating, slowed, very slow
A: large, unfitting armour, claws 3, regeneration 1, shaggy fur 1, tough skin 1
a: Renounce Religion, Berserk, Trog's Hand, Brothers in Arms


You were in a bailey.
You worshipped Trog.
Trog was extremely pleased with you.
You visited 1 branch of the dungeon, and saw 10 of its levels.
You also visited: Sewer and Bailey.

You collected 685 gold pieces.

Inventory:

Hand Weapons
 e - a +3 flail of protection
 m - the +8 dagger "Uguof" {protect, rElec rN+}
   (You found it on level 2 of the Dungeon)

   It grants its wielder temporary protection when it strikes (+7 to AC).
   rElec:     It insulates you from electricity.
   rN:        It protects you from negative energy.
 F - a +0 morningstar
 H - a +5 antimagic quick blade
Armour
 a - a +0 cloak (worn)
 w - +0 swamp dragon scales (worn)
 A - a scarf of invisibility
Jewellery
 g - a +6 ring of intelligence (left claw)
 p - a +6 ring of strength (right claw)
 s - an amulet of regeneration (around neck)
Wands
 l - a wand of charming (10)
 u - a wand of paralysis (8)
 y - a wand of flame (18)
Scrolls
 c - 2 scrolls of enchant weapon
 d - 3 scrolls of immolation
 f - 5 scrolls of teleportation
 j - 2 scrolls of blinking
 k - 2 scrolls of brand weapon
 t - a scroll of poison
 v - 2 scrolls of silence {unknown}
 B - a scroll of magic mapping {unknown}
Potions
 b - a potion of cancellation
 h - 2 potions of heal wounds
 i - 4 potions of haste
 n - 2 potions of attraction
 o - 2 potions of flight
 q - a potion of resistance
 r - 2 potions of might
 x - a potion of invisibility
 z - 2 potions of curing
 C - a potion of brilliance {unknown}
 E - a potion of mutation {unknown}


   Skills:
 + Level 7.2 Fighting
 + Level 6.1 Short Blades
 + Level 5.4 Maces & Flails
 + Level 4.8 Armour
 + Level 8.0 Dodging
 + Level 8.6 Unarmed Combat


You had 10 spell levels left.
You didn't know any spells.
Your spell library was empty.

Dungeon Overview and Level Annotations

Branches:
Dungeon (10/15)            Temple (0/1) D:5           Sewer (visited)
 Bailey (1/1)
   Lair: D:8-11         Orc: D:9-12

Altars:
Hepliaklqana
Okawaru
Ru
Wu Jian

Shops:
D:1 *   D:3 (   D:5 ?   D:6 [   D:9 [

Annotations:
D:4 2 runed translucent doors


Innate Abilities, Weirdness & Mutations

You are too large for most types of armour.
You have claws for hands.
Your natural rate of healing is unusually fast.
You are covered in fur. (AC +1)
You have tough skin. (AC +1)


Message History

The gnoll sergeant hits you from afar with a +0 glaive!
* * * LOW HITPOINT WARNING * * *
The gnoll shaman hits you but does no damage.
Unknown command.
You are too berserk!
You are no longer berserk.
You are exhausted.
You feel yourself slow down.
The gnoll sergeant hits you from afar with a +0 halberd.
* * * LOW HITPOINT WARNING * * *
The gnoll sergeant closely misses you.
There is an open door here.
The gnoll sergeant hits you from afar with a +0 halberd.
* * * LOW HITPOINT WARNING * * *
The gnoll sergeant hits you from afar with a +0 halberd.
* * * LOW HITPOINT WARNING * * *
The gnoll sergeant hits you but does no damage.
The gnoll sergeant barely misses you. The gnoll sergeant misses you.
The gnoll sergeant hits you from afar with a +0 halberd.
* * * LOW HITPOINT WARNING * * *
The gnoll sergeant hits you from afar with a +0 halberd.
* * * LOW HITPOINT WARNING * * *
The gnoll sergeant closely misses you.
Your iron troll goes berserk!
The gnoll sergeant barely misses you.
The gnoll sergeant hits you with a +0 bardiche.
* * * LOW HITPOINT WARNING * * *
The gnoll sergeant closely misses you.
The gnoll sergeant hits you but does no damage.
Unknown command.
The gnoll sergeant attacks as you move away!
The gnoll sergeant closely misses you.
The gnoll sergeant attacks as you move away!
The gnoll sergeant barely misses you.
The gnoll sergeant hits you from afar with a +0 bardiche!
* * * LOW HITPOINT WARNING * * *
The gnoll sergeant hits you but does no damage.
The gnoll sergeant hits you from afar with a +0 bardiche!
You die...

≈≈...............≈
≈.................
≈.######'''######
≈ #.).# #...#
#...# ##'##
##.T)## ##..@..##
#.......# ..#
#..g8g..# ..#
#....g..#...#
##.....##...#
##.g.##....#
##g##gg..8#
#...#)g...#
+(..†)...#


You could see 3 gnoll sergeants, a gnoll shaman, a gnoll and a friendly iron
troll (summoned, berserk).

Vanquished Creatures
  Harold (D:9)
  Erolcha (D:9)
  3 two-headed ogres
  Maggie (D:6)
  A troll (D:10)
  Prince Ribbit (D:7)
  The ghost of b0nj0m0n the Grave Robber, an amateur DENe (D:3)
  6 yaks
  2 steam dragons
  An acid dragon (D:8)
  The ghost of SirDiesAlot the Magician, an amateur DEFE (D:3)
  A water moccasin (D:4)
  2 orc warriors
  2 sky beasts
  2 ice beasts
  The ghost of sammy202020 the Skirmisher, an amateur MiFi (D:3)
  2 ogres
  A black bear (D:2)
  The ghost of b0nj0m0n the Grasshopper, an amateur BaWr (D:3)
  3 wolves (Bailey)
  A kobold brigand (D:7)
  3 phantoms
  5 bullfrogs
  A gnoll sergeant (Bailey)
  2 necrophages
  A scorpion (D:5)
  17 wights
  6 killer bees (D:7)
  A howler monkey (D:9)
  5 hounds
  A gnoll shaman (D:9)
  9 orc priests
  3 jellies
  5 iguanas
  10 orc wizards
  16 adders
  11 gnolls
  A shadow imp (D:7)
  A white imp (D:3)
  An ufetubus (D:5)
  3 worms
  3 dart slugs
  36 orcs
  4 bats
  7 endoplasms
  18 giant cockroaches
  6 goblins
  9 hobgoblins
  12 jackals
  7 quokkas
  11 ball pythons
  9 frilled lizards
  7 kobolds
  3 rats
269 creatures vanquished.

Vanquished Creatures (collateral kills)
  A two-headed ogre (D:10)
  A hornet (D:9)
  A wyvern (D:9)
  2 steam dragons
  2 gnoll sergeants (Bailey)
  2 gnoll shamans (Bailey)
  6 gnolls (Bailey)
  2 orcs (D:9)
  4 goblins (D:10)
21 creatures vanquished.

Vanquished Creatures (others)
  An orc wizard (D:5)
  14 plants
15 creatures vanquished.

Grand Total: 305 creatures vanquished

Notes
Turn   | Place    | Note
-------+----------+-------------------------------------------
     0 | D:1      | hquester the Troll Berserker began the quest for the Orb.
     0 | D:1      | Reached XP level 1. HP: 22/22 MP: 0/0
    75 | D:1      | Reached XP level 2. HP: 29/29 MP: 1/1
   258 | D:1      | Found Zusta's Assorted Antiques.
   264 | D:1      | Reached ** piety under Trog
   374 | D:1      | Reached XP level 3. HP: 36/36 MP: 2/2
   747 | D:2      | Identified the +8 dagger "Uguof" {protect, rElec rN+}
   768 | D:2      | Noticed a black bear
   777 | D:2      | Killed a black bear
   778 | D:2      | Reached XP level 4. HP: 40/45 MP: 3/3
   826 | D:2      | Reached XP level 5. HP: 53/53 MP: 4/4
  1195 | D:2      | Reached *** piety under Trog
  1762 | D:3      | Found Puec's Weapon Emporium.
  1915 | D:3      | Reached XP level 6. HP: 61/62 MP: 5/5
  1940 | D:3      | Found a faded altar of an unknown god.
  1941 | D:3      | Noticed a great orb of eyes
  1948 | D:3      | Noticed a shining eye
  1952 | D:3      | Noticed a golden eye
  1952 | D:3      | Noticed a shining eye
  2229 | D:3      | Found a runed translucent gate.
  2231 | D:3      | Found a runed translucent gate.
  2231 | D:3      | Found a runed translucent gate.
  2231 | D:3      | Noticed b0nj0m0n's ghost (amateur BaWr)
  2231 | D:3      | Noticed b0nj0m0n's ghost (amateur DENe)
  2232 | D:3      | Noticed SirDiesAlot's ghost (amateur DEFE)
  2232 | D:3      | Noticed sammy202020's ghost (amateur MiFi)
  2279 | D:3      | Killed b0nj0m0n's ghost
  2280 | D:3      | Reached skill level 1 in Short Blades
  2288 | D:3      | Killed SirDiesAlot's ghost
  2289 | D:3      | Reached XP level 7. HP: 46/70 MP: 6/6
  2301 | D:3      | Killed b0nj0m0n's ghost
  2302 | D:3      | Reached skill level 5 in Unarmed Combat
  2324 | D:3      | Killed sammy202020's ghost
  2570 | D:4      | Reached skill level 5 in Dodging
  2602 | D:4      | Reached **** piety under Trog
  2817 | D:4      | Reached XP level 8. HP: 79/79 MP: 7/7
  2889 | D:4      | Found a large runed translucent door.
  2889 | D:4      | Found a large runed translucent door.
  2903 | D:4      | Found a large runed translucent door.
  2903 | D:4      | Found a large runed translucent door.
  3356 | D:4      | Identified the +2 leather armour of Doux {Int+2}
  3390 | D:4      | Found a hazy altar of Hepliaklqana.
  3496 | D:5      | Entered Level 5 of the Dungeon
  3537 | D:5      | Reached skill level 5 in Fighting
  3580 | D:5      | Found Otit's Magic Scroll Emporium.
  3592 | D:5      | Found a staircase to the Ecumenical Temple.
  3701 | D:5      | Reached ***** piety under Trog
  3702 | D:5      | Reached skill level 1 in Maces & Flails
  3754 | D:5      | Reached skill level 1 in Armour
  3904 | D:5      | Found a glowing drain.
  3937 | Sewer    | Entered a sewer
  3953 | Sewer    | Reached XP level 9. HP: 88/88 MP: 8/8
  4183 | Sewer    | Identified the +1 fustibalus "Atalairu" {vorpal, rElec
                  | Dex+2}
  4418 | D:6      | Noticed Maggie
  4641 | D:6      | Killed Maggie
  4686 | D:6      | Found a sacrificial altar of Ru.
  4814 | D:6      | Found an iron altar of Okawaru.
  4822 | D:6      | You fall into a shaft and drop 3 floors!
  4830 | D:9      | Noticed Erolcha
  4852 | D:9      | Paralysed by a hornet for 3 turns
  4890 | D:9      | Killed Erolcha
  4891 | D:9      | Reached XP level 10. HP: 86/98 MP: 9/9
  5073 | D:6      | Found Fuloenu's Antique Armour Emporium.
  5796 | D:7      | Noticed Prince Ribbit
  5817 | D:7      | Killed Prince Ribbit
  5956 | D:7      | Reached skill level 5 in Short Blades
  6093 | D:7      | Found an ornate altar of the Wu Jian Council.
  6869 | D:8      | Noticed a two-headed ogre
  6887 | D:8      | Killed a two-headed ogre
  7546 | D:8      | Noticed a two-headed ogre
  7555 | D:8      | Killed a two-headed ogre
  7561 | D:8      | Reached XP level 11. HP: 92/107 MP: 10/10
  7772 | D:9      | Noticed Harold
  7785 | D:9      | Killed Harold
  7912 | D:9      | Found Qehohir's Armour Shop.
  8024 | D:9      | Reached skill level 5 in Maces & Flails
  8366 | D:10     | Entered Level 10 of the Dungeon
  8378 | D:10     | Received a gift from Trog
  8457 | D:10     | Noticed a two-headed ogre
  8467 | D:10     | Killed a two-headed ogre
  8503 | D:10     | Noticed a two-headed ogre
  8516 | D:10     | Killed a two-headed ogre
  8538 | D:10     | Found a flagged portal.
  8551 | Bailey   | Entered a bailey
  8664 | Bailey   | Slain by a gnoll sergeant

Illustrated notes

Levels and vault maps discovered:
D:1:      amcnicky_arrival_double_pillar, layout_basic, serial_shops, shop,
          minmay_misc_feat_columns
D:2:      wad_river_or_something, layout_basic, serial_bayou_crossing
D:3:      layout_loops_ring, gammafunk_ghost_cemetery, serial_shops, shop,
          hellmonk_ecumenical_altar_watching_god, nicolae_grassy_gnolls
D:4:      layout_loops_cross, nicolae_hepliaklqana_hippocampus,
          minmay_hollow_rounded_squares
D:5:      layout_basic, temple_statues, serial_shops, shop,
          gup_sewer_entry_glass
D:6:      minmay_evil_eye, layout_cave_pods,
          nicolae_ru_great_annihilating_truth, okawaru_ov_weapons_minmay,
          serial_shops, nicolae_take_the_stairs, uniq_maggie
D:7:      layout_layer_cave, amcnicky_altar_gilded, kennysheep_generic_room_12,
          uniq_prince_ribbit1
D:8:      layout_basic
D:9:      layout_loops_ring, kennysheep_small_square, uniq_erolcha, uniq_harold
D:10:     layout_loops_ring, enter_bailey_5, kennysheep_flooded_box
Bailey:   bailey_polearm_gnolls_kennysheep, bailey

Skill      XL: |  1  2  3  4  5  6  7  8  9 10 11 |
---------------+----------------------------------+-----
Fighting       | 3 4 5 6 7 |  7.2
Dodging        | 3 4 5 6 7 8 |  8.0
Unarmed Combat | 4 5 6 7 8 |  8.6
Short Blades   | 1 2 3 4 5 6 |  6.1
Maces & Flails | 1 3 4 5 |  5.4
Armour         | 1 3 4 |  4.8

Action                   |  1- 3 |  4- 6 |  7- 9 | 10-12 || total
-------------------------+-------+-------+-------+-------++-------
Melee: Unarmed           |    87 |       |       |   157 ||   244
       Punch             |     1 |     4 |    11 |    15 ||    31
       Dagger            |     8 |   159 |   466 |   260 ||   893
Invok: Brothers in Arms  |       |       |     3 |     3 ||     6
       Trog's Hand       |       |       |     2 |     1 ||     3
       Berserk           |       |       |       |     1 ||     1
  Use: Scroll            |       |     6 |     7 |     6 ||    19
       Potion            |       |       |       |     2 ||     2
 Stab: Sleeping          |       |       |     2 |     1 ||     3
       Distracted        |       |       |     1 |       ||     1
       Paralysed         |       |       |     1 |       ||     1
Armor: Animal skin       |    54 |    66 |    64 |       ||   184
       Steam dragon scal |       |       |   104 |    85 ||   189
       Swamp dragon scal |       |       |       |    84 ||    84
Dodge: Dodged            |    70 |    58 |   211 |   304 ||   643

Table legend: (Time is in decaauts)
 A = Elapsed time spent in this place.
 B = Non-inter-level travel time spent in this place.
 C = Inter-level travel time spent in this place.
 D = Time resting spent in this place.
 E = Time spent auto-exploring this place.
 F = Levels seen in this place.
 G = Mean time per level.
                   A        B        C        D        E       F      G
               +--------+--------+--------+--------+--------+-----+--------+
         Total |   8556 |   8475 |     81 |      0 |   5367 |  12 |  713.0 |
       Dungeon |   8161 |   8080 |     81 |      0 |   5268 |  10 |  816.1 |
         Sewer |    291 |    291 |      0 |      0 |     98 |   1 |  291.0 |
        Bailey |    103 |    103 |      0 |      0 |      0 |   1 |  103.0 |
               +--------+--------+--------+--------+--------+-----+--------+

Top non-repeatable levels by time:
     D:7: 1103 daAuts
     D:4: 1055 daAuts
     D:6: 1000 daAuts
     D:3: 953 daAuts
     D:8: 908 daAuts
     D:9: 794 daAuts
     D:2: 766 daAuts
     D:1: 705 daAuts
     D:5: 694 daAuts
   Sewer: 291 daAuts
    D:10: 178 daAuts
  Bailey: 103 daAuts
